 Dungeon Crawl Stone Soup version 0.25-a0-583-g696c2ac64d (webtiles) character file.

Game seed: 16275394479053003457, levelgen mode: deterministic

451 Gargoyl the Skirmisher (level 6, -4/52 HPs)
             Began as a Centaur Abyssal Knight on Mar 8, 2020.
             Was a Believer of Lugonu.
             Slain by Grinder (5 damage)
             ... on level 3 of the Dungeon.
             The game lasted 00:08:11 (3991 turns).

Gargoyl the Skirmisher (Centaur Abyssal Knight)     Turns: 3991, Time: 00:08:12

Health: -4/52      AC: 13    Str: 15    XL:     6   Next: 75%
Magic:  8/8        EV:  5    Int: 11    God:    Lugonu [**....]
Gold:   162        SH:  0    Dex: 10    Spells: 5/5 levels left

rFire    . . .     SeeInvis +   i - -3 hand axe (curse)
rCold    . . .     Gourm    .   (no shield)
rNeg     . . .     Faith    .   f - +1 chain mail (curse)
rPois    .         Spirit   .   b - +0 helmet
rElec    .         Reflect  .   k - +2 cloak (curse)
rCorr    .         Harm     .   (no gloves)
MR       .....                  (no barding)
Stlth    ..........             (no amulet)
HPRegen  0.17/turn              g - ring of see invisible
MPRegen  0.11/turn              (no ring)

@: flying, hasted (expiring), very quick
A: large, hooves 3, deformed body, speed 2, tough skin 3
a: Depart the Abyss, Bend Space, Renounce Religion


You were on level 3 of the Dungeon.
You worshipped Lugonu.
Lugonu was pleased with you.
You were very hungry.

You visited 1 branch of the dungeon, and saw 5 of its levels.
You visited the Abyss 1 time.

You collected 162 gold pieces.

Inventory:

Hand Weapons
 a - a +1 hand axe
 i - a cursed -3 hand axe (weapon)
Armour
 b - a +0 helmet (worn)
 f - a cursed +1 chain mail (worn)
 k - a cursed +2 cloak (worn)
 p - a scarf of cloud immunity
Jewellery
 g - a ring of see invisible (left hand)
Wands
 j - a wand of iceblast (3)
Scrolls
 d - 2 scrolls of magic mapping
 l - a scroll of teleportation
Potions
 e - a potion of flight
 n - a potion of curing
Comestibles
 c - 10 rations


   Skills:
 + Level 4.0 Fighting
 + Level 3.2 Axes
 * Level 3.6 Armour
 * Level 1.9 Dodging
 * Level 3.2 Invocations


You had 5 spell levels left.
You didn't know any spells.
Your spell library was empty.

Dungeon Overview and Level Annotations

Branches:
Dungeon (5/15)
 Temple: D:4-7

Altars:
Elyvilon

Annotations:
D:3 1 runed translucent door, Grinder, Jessica


Innate Abilities, Weirdness & Mutations

You have hooves in place of feet.
Armour fits poorly on your strangely shaped body.
You cover ground very quickly.
You have extremely tough skin. (AC +3)


Message History

Your chain mail prevents you from hitting Grinder.
You hit Grinder.
Grinder is lightly wounded.
Grinder hits you but does no damage.
You hit Grinder but do no damage. Your kick misses Grinder.
Grinder is lightly wounded.
Grinder hits you but does no damage.
You hit Grinder. Your kick misses Grinder.
Grinder is lightly wounded.
Grinder gestures at you. Pain shoots through your body!
* * * LOW HITPOINT WARNING * * *
You barely miss Grinder. You kick Grinder, but do no damage.
Grinder is lightly wounded.
Unknown command.
Your chain mail prevents you from hitting Grinder.
Grinder is lightly wounded.
Your extra speed is starting to run out.
Grinder hits you.
You die...

#.# #...# #.# #...#
#.# #...# #.#
###...### #.#
######## #........
#.# #......#
#........ #.#
#......###........
#.#
###................#
#.#
#..@5..............#
#)#
#.#..(.........)...#
#.#
#.#................#
#.#
#>'.................
#.#
#.#......#####...###
#.# #.#......# #...#
#.#
#.#......#####...###
#.#
#...................
#.#
######.......#...###


You could see Grinder.

Vanquished Creatures
  A phantom (D:4)
  A howler monkey (D:5)
  A crimson imp (D:5)
  2 orc wizards (D:5)
  A worker ant (D:4)
  Ijyb (D:3)
  The ghost of paps the Skirmisher, a weakling DsBe of Trog (D:3)
  6 gnolls
  4 adders
  A worm (D:3)
  2 leopard geckos
  An orc (D:5)
  7 giant cockroaches
  8 goblins
  13 hobgoblins
  5 kobolds
  A quokka (D:3)
  3 ball pythons
  10 bats
  2 frilled lizards
  4 rats
75 creatures vanquished.

Notes
Turn   | Place    | Note
-------+----------+-------------------------------------------
     0 | Abyss:1  | Gargoyl the Centaur Abyssal Knight began the quest for the
                  | Orb.
     0 | Abyss:1  | Reached XP level 1. HP: 19/19 MP: 2/2
    96 | Abyss:1  | Noticed a large abomination
   102 | Abyss:1  | Noticed an ancient zyme
   132 | Abyss:1  | Noticed a flayed ghost
   136 | D:1      | Escaped the Abyss
   200 | D:1      | Reached XP level 2. HP: 16/26 MP: 3/3
   474 | D:1      | Reached * piety under Lugonu
   474 | D:1      | Reached skill level 1 in Dodging
   474 | D:1      | Reached XP level 3. HP: 26/31 MP: 4/4
  1233 | D:2      | Reached ** piety under Lugonu
  1233 | D:2      | Reached XP level 4. HP: 22/38 MP: 5/5
  1886 | D:2      | Found a faded altar of an unknown god.
  2341 | D:3      | Noticed Ijyb
  2366 | D:3      | Killed Ijyb
  2407 | D:3      | Noticed Grinder
  2408 | D:3      | Paralysed by Grinder for 6 turns
  2585 | D:3      | Found a white marble altar of Elyvilon.
  2760 | D:3      | Found a runed translucent door.
  2776 | D:3      | Noticed paps's ghost (weakling DsBe)
  2793 | D:3      | Reached XP level 5. HP: 29/46 MP: 6/6
  2999 | D:3      | Killed paps's ghost
  3052 | D:3      | Found a runed translucent door.
  3074 | D:3      | Noticed Jessica
  3397 | D:4      | Noticed a phantom
  3426 | D:5      | Entered Level 5 of the Dungeon
  3458 | D:5      | Reached XP level 6. HP: 42/52 MP: 8/8
  3771 | D:4      | Reached skill level 4 in Fighting
  3951 | D:3      | Paralysed by Grinder for 6 turns
  3972 | D:3      | Paralysed by Grinder for 5 turns
  3989 | D:3      | HP: 1/52 [Grinder/nerve-wracking pain (13)]
  3991 | D:3      | Slain by Grinder

Levels and vault maps discovered:
D:1:      dpeg_arrival_tiny_i, layout_basic
D:2:      layout_loops_ring, chequers_ecumenical_altar_lobes, first_ration
D:3:      layout_basic, ebering_ghost_sewer_f, elyvilon_altar_5, uniq_ijyb,
          uniq_grinder, uniq_jessica
D:4:      layout_loops_ring, lemuel_blue_sif_altar, gammafunk_ghost_icy,
          serial_bayou_pond_a, uniq_eustachio
D:5:      layout_basic, kennysheep_mini_moat, kennysheep_boxes

Skill      XL: |  1  2  3  4  5  6 |
---------------+-------------------+-----
Axes           | 2 3 |  3.2
Dodging        | 1 |  1.9
Armour         | 2 3 |  3.6
Invocations    | 3 |  3.2
Fighting       | 4 |  4.0

Action                   |  1- 3 |  4- 6 || total
-------------------------+-------+-------++-------
Melee: Hand axe          |   157 |   320 ||   477
       Kick              |    18 |    62 ||    80
Invok: Depart the Abyss  |     1 |       ||     1
Evoke: Wand              |       |     6 ||     6
  Use: Potion            |     2 |     6 ||     8
       Scroll            |     5 |     3 ||     8
  Eat: Chunk             |       |     8 ||     8
Armor: Chain mail        |   144 |   260 ||   404
       Skin              |       |     6 ||     6
Dodge: Dodged            |    36 |    83 ||   119

Table legend:
 A = Non-vault XP
 B = Vault XP
 C = Vault XP percentage of total XP
 D = Non-vault monster count
 E = Vault monster count
 F = Vault count percentage of total count
                 A         B        C        D         E       F
            +---------+---------+-------+---------+---------+-------
      Total |     574 |      71 |  11.0 |      71 |       4 |   5.3
            +---------+---------+-------+---------+---------+-------
        D:1 |      86 |       0 |   0.0 |      35 |       0 |   0.0
        D:2 |      48 |       0 |   0.0 |      15 |       0 |   0.0
        D:3 |      71 |      71 |  50.0 |      11 |       4 |  26.7
        D:4 |     177 |       0 |   0.0 |       4 |       0 |   0.0
        D:5 |     192 |       0 |   0.0 |       6 |       0 |   0.0
            +---------+---------+-------+---------+---------+-------
